 Dungeon Crawl Stone Soup version 0.31-a0-1469-gd420192249 (webtiles) character file.

Game seed: 7240369674263411063

76 voltaire321 the Apothecary (level 4, -13/32 HPs)
             Began as a Merfolk Alchemist on Dec 29, 2023.
             Killed from afar by Ijyb (15 damage)
             ... with a bolt of light
             ... on level 3 of the Dungeon.
             The game lasted 00:05:10 (2937 turns).

voltaire321 the Apothecary (Merfolk Alchemist)      Turns: 2937, Time: 00:05:11

Health: -13/32     AC:  2    Str:  8    XL:     4   Next: 32%
Magic:  3/7        EV: 13    Int: 20    God:
Gold:   142        SH:  0    Dex: 16    Spells: 0/7 levels left

rFire   . . .        c - +0 short sword
rCold   . . .        (no shield)
rNeg    . . .        m - +0 robe "Xogiq" {rElec rPois}
rPois   +            (no helmet)
rElec   +            (no cloak)
rCorr   .            (no gloves)
SInv    .            (no boots)
Will    .....        (no amulet)
Stlth   +            j - +6 ring of intelligence
HPRegen 0.25/turn    (no ring)
MPRegen 0.10/turn

%: no passive effects
@: confused
A: (nimble swimmer 2), mertail
a: no special abilities


You were on level 3 of the Dungeon.
You visited 1 branch of the dungeon, and saw 3 of its levels.

You collected 142 gold pieces.

Inventory:

Hand Weapons
 c - a +0 short sword (weapon)
Armour
 m - the +0 robe "Xogiq" (worn) {rElec rPois}
   (You found it on level 2 of the Dungeon)

   rElec:     It insulates you from electricity.
   rPois:     It protects you from poison
 s - a +0 kite shield
Jewellery
 j - a +6 ring of intelligence (left hand)
Wands
 a - a wand of flame (14)
 p - a wand of iceblast (7)
Scrolls
 d - a scroll of revelation {unknown}
 e - a scroll of enchant armour {unknown}
 f - 4 scrolls of identify {unknown}
 g - a scroll of amnesia {unknown}
 k - a scroll of acquirement {unknown}
 l - a scroll of noise {unknown}
 n - a scroll of teleportation {unknown}
 o - 2 scrolls of fear {unknown}
 q - a scroll of vulnerability {unknown}
Potions
 b - a potion of magic
 h - a potion of heal wounds {unknown}
 i - a potion of curing {unknown}
 r - a potion of enlightenment {unknown}


   Skills:
 + Level 1.4 Fighting
 + Level 0.8 Armour
 + Level 3.3 Dodging
 - Level 2.1 Stealth
 + Level 2.4 Spellcasting
 + Level 1.4 Conjurations
 + Level 0.0 Air Magic
 + Level 4.5 Alchemy


You couldn't memorise any spells.
You knew the following spells:

 Your Spells              Type           Power      Damage    Failure   Level
a - Sting                 Conj/Alch      56%        1d6       4%          1
b - Mercury Vapours       Alch/Air       22%        N/A       9%          2
c - Olgreb's Toxic Radia  Alch           20%        N/A       24%         4

Your spell library contained the following spells:

 Spells                   Type           Power      Damage    Failure   Level
 Mephitic Cloud           Conj/Alch/Air  10%        N/A       21%         3
 Sticky Flame             Fire/Alch      11%        2d5       52%         4


Dungeon Overview and Level Annotations

Branches:
Dungeon (3/15)

Altars:

Annotations:
D:3 Ijyb


Innate Abilities, Weirdness & Mutations

((You are very nimble when in or above water. (Stealth+, EV+, Speed+++)))
Your lower body shifts to a powerful aquatic tail in water.


Message History

Aim: Ijyb, wielding a +2 dagger of venom, wearing a +0 ring mail and carrying a wand of light (68% to hit)
The sting hits Ijyb.
Ijyb is poisoned.
Ijyb is lightly wounded.
Aiming: Sting (safe; 4% risk of failure)
Press: ? - help, Q - select action, (/) - cycle Shift-Dir - straight line, f/p - Ijyb
Aim: Ijyb, wielding a +2 dagger of venom, wearing a +0 ring mail and carrying a wand of light (lightly wounded, poisoned, 68% to hit)
The sting hits Ijyb but does no damage.
Ijyb looks even sicker.
Ijyb is lightly wounded.
Ijyb zaps a wand.
The bolt of light hits you!
Ijyb zaps a wand.
The bolt of light hits you!
Aiming: Sting (safe; 4% risk of failure)
Press: ? - help, Q - select action, (/) - cycle Shift-Dir - straight line, f/p - Ijyb
Aim: Ijyb, wielding a +2 dagger of venom, wearing a +0 ring mail and carrying a wand of light (lightly wounded, very poisoned, 68% to hit)
The sting hits Ijyb.
Ijyb looks even sicker.
Ijyb is lightly wounded.
Aiming: Sting (safe; 4% risk of failure)
Press: ? - help, Q - select action, (/) - cycle Shift-Dir - straight line, f/p - Ijyb
Aim: Ijyb, wielding a +2 dagger of venom, wearing a +0 ring mail and carrying a wand of light (lightly wounded, very poisoned, 68% to hit)
The sting hits Ijyb.
Ijyb looks as sick as possible!
Ijyb is moderately wounded.
The quokka attacks as it pursues you!
The quokka bites you but does no damage.
The quokka misses you.
Ijyb zaps a wand.
The bolt of light hits the quokka!
The quokka dies!
The bolt of light hits you!
* * * LOW HITPOINT WARNING * * *
Casting: Sting (safe; 4% risk of failure)
Confirm with . or Enter, or press ? or * to list all spells.
Aiming: Mercury Vapours (safe; 9% risk of failure)
Press: ? - help, Dir - move target, p - Ijyb
Okay, then.
Aiming: Sting (safe; 4% risk of failure)
Press: ? - help, Q - select action, (/) - cycle Shift-Dir - straight line, f/p - Ijyb
Aim: Ijyb, wielding a +2 dagger of venom, wearing a +0 ring mail and carrying a wand of light (almost dead, very poisoned, 68% to hit)
The sting hits Ijyb but does no damage.
Ijyb looks even sicker.
Ijyb is almost dead.
Ijyb zaps a wand.
The bolt of light hits you!
You are confused.
You die...

#. #.# ..# #.# ###
#.#########
...##.#..@....#
#.#....#####g#######
# #.......#
#.......# #
#.#####....##
#.#####.# #
#........### #.#
############.# #.###
'..# #.# #...# ##.#
##'## #.#.# #..####
##...## #.#.#


You could see Ijyb (very poisoned).

Vanquished Creatures
  An iguana (D:2)
  An adder (D:2)
  2 endoplasms (D:2)
  A giant cockroach (D:3)
  4 goblins
  4 hobgoblins
  2 jackals (D:1)
  3 quokkas
  3 ball pythons
  4 bats
  4 frilled lizards
  8 kobolds
  4 rats
41 creatures vanquished.

Vanquished Creatures (others)
  A quokka (D:3)
1 creature vanquished.

Grand Total: 42 creatures vanquished

Notes
Turn   | Place    | Note
-------+----------+-------------------------------------------
     0 | D:1      | voltaire321 the Merfolk Alchemist began the quest for the
                  | Orb.
     0 | D:1      | Reached XP level 1. HP: 13/13 MP: 3/3
   259 | D:1      | Reached XP level 2. HP: 20/20 MP: 3/5
   838 | D:1      | Reached skill level 1 in Conjurations
  1473 | D:2      | Reached skill level 1 in Fighting
  1473 | D:2      | Reached XP level 3. HP: 8/26 MP: 0/6
  1677 | D:2      | Reached XP level 4. HP: 32/32 MP: 4/7
  1820 | D:2      | Identified the +0 robe "Xogiq" {rElec rPois}
  2059 | D:2      | Learned a level 2 spell: Mercury Vapours
  2164 | D:2      | Learned a level 4 spell: Olgreb's Toxic Radiance
  2920 | D:3      | Noticed Ijyb
  2937 | D:3      | Killed from afar by Ijyb

Illustrated notes

Levels and vault maps discovered:
D:1:      tarquinn_simple_flora_water_a, layout_basic
D:2:      layout_basic
D:3:      layout_loops_corners, minmay_fountain_box, serial_bayou_lagoon_b,
          uniq_ijyb

Skill      XL: |  1  2 |
---------------+-------+-----
Dodging        | 3 |  3.3
Conjurations   | 1 |  1.4
Fighting       | 1 |  1.4
Armour         | |  0.8
Stealth        | |  2.1
Spellcasting   | |  2.4
Alchemy        | |  4.5

Action                     |  1- 3 |  4- 6 || total
---------------------------+-------+-------++-------
  Melee: Short sword       |    20 |     6 ||    26
   Cast: Sting             |    39 |    29 ||    68
 Armour: Robe              |    20 |     8 ||    28
  Dodge: Dodged            |    18 |     5 ||    23

Table legend: (Time is in decaauts)
 A = Elapsed time spent in this place.
 B = Non-inter-level travel time spent in this place.
 C = Inter-level travel time spent in this place.
 D = Time resting spent in this place.
 E = Time spent auto-exploring this place.
 F = Levels seen in this place.
 G = Mean time per level.
                   A        B        C        D        E       F      G
               +--------+--------+--------+--------+--------+-----+--------+
         Total |   2920 |   2838 |     82 |    570 |   1908 |   3 |  973.3 |
       Dungeon |   2920 |   2838 |     82 |    570 |   1908 |   3 |  973.3 |
               +--------+--------+--------+--------+--------+-----+--------+

Top non-repeatable levels by time:
     D:1: 1452 daAuts
     D:2: 1157 daAuts
     D:3: 311 daAuts
